 Dungeon Crawl Stone Soup version 0.31.0-12-g77e489cdc1 (webtiles) character file.

Game seed: 14078104114042502110

138147 112233 the Warrior (level 16, -24/156 (165) HPs)
             Began as a Demonspawn Brigand on Feb 12, 2024.
             Was a Priest of Dithmenos.
             Annihilated by a bunyip (25 damage)
             ... on level 6 of the Abyss on Feb 13, 2024.
             The game lasted 01:54:19 (33948 turns).

112233 the Warrior (Demonspawn Brigand)            Turns: 33948, Time: 01:54:19

HP:   -24/156 (165) AC: 14    Str: 15    XL:     16   Next: 40%
MP:   0/23          EV: 25    Int: 11    God:    Dithmenos [***...]
Gold: 1635          SH:  8    Dex: 26    Spells: 9/15 levels left

rFire   . . .        v - +3 scimitar (flame)
rCold   + . .        T - +1 buckler {rC+}
rNeg    . . .        a - +0 leather armour of Vermicelli {Regen+ Slay+2}
rPois   .            (helmet unavailable)
rElec   .            c - +0 cloak
rCorr   .            R - +0 pair of gloves
SInv    +            h - +0 pair of boots
Will    +....        O - amulet of regeneration
Stlth   ++++++++     I - +4 ring of protection
HPRegen 0.00/turn    M - +6 ring of dexterity
MPRegen 0.36/turn

%: guardian spirit
@: sick, wreathed by umbra, drained
A: antennae 3, slimy green scales 2, powered by death 2, robust 2, magic shield,
magic regeneration, screaming 1, inability to drink after injury 1, inability to
read after injury 1
}: 1/15 runes: abyssal
a: Renounce Religion, Shadow Step


You were on level 6 of the Abyss.
You worshipped Dithmenos.
Dithmenos was most pleased with you.
You visited 5 branches of the dungeon, and saw 26 of its levels.
You visited the Abyss 2 times.

You collected 2566 gold pieces.
You spent 931 gold pieces at shops.

Inventory:

Hand Weapons
 v - a +3 scimitar of flaming (weapon)
 C - a +2 short sword of venom
 K - the +1 dagger of Causality {flame, Dex+2}
   (You found it on level 7 of the Dungeon)

   Dex+2:     It affects your dexterity (+2).
Missiles
 d - 3 atropa-tipped darts
 e - 12 curare-tipped darts
 m - 2 throwing nets
 o - 6 poisoned darts
Armour
 a - the +0 leather armour of Vermicelli (worn) {Regen+ Slay+2}
   (You found it on level 11 of the Dungeon)

   Slay+2:    It affects your accuracy & damage with ranged weapons and melee
   (+2).
   Regen+:    It increases your rate of health regeneration.
 c - a +0 cloak (worn)
 h - a +0 pair of boots (worn)
 n - the +4 robe of Inquiry {rPois rN+ MP+9 Dex-4}
   (You found it on level 4 of the Dungeon)

   Dex-4:     It affects your dexterity (-4).
   rPois:     It protects you from poison rN+: It protects you from negative
   energy.
   MP+9:      It affects your magic capacity (+9).
 R - a +0 pair of gloves (worn)
 T - a +1 buckler of cold resistance (worn)
Jewellery
 r - the ring "Wimaff" {Fly rF- Int+8}
   (You found it on level 2 of the Dungeon)

   [ring of flight]

   Int+8:     It affects your intelligence (+8).
   rF-:       It makes you vulnerable to fire.
   Fly:       It grants you flight.
 y - an amulet of reflection
 I - a +4 ring of protection (left hand)
 J - an amulet of faith
 M - a +6 ring of dexterity (right hand)
 O - an amulet of regeneration (around neck)
 P - a ring of willpower
 Q - a ring of resist corrosion
Wands
 t - a wand of paralysis (7)
 w - a wand of iceblast (11)
 L - a wand of mindburst (19) (quivered)
Scrolls
 f - 2 scrolls of brand weapon
 g - 3 scrolls of identify
 i - 2 scrolls of immolation
 j - 5 scrolls of enchant armour
 l - 3 scrolls of fog
 p - 5 scrolls of revelation
 q - 3 scrolls of fear
 x - 3 scrolls of silence
 A - 3 scrolls of vulnerability
 G - 2 scrolls of amnesia
 H - 4 scrolls of enchant weapon
Potions
 k - 3 potions of cancellation
 s - 5 potions of enlightenment
 E - a potion of lignification
 F - a potion of resistance
 N - 4 potions of curing
 V - 3 potions of mutation
 W - 5 potions of degeneration
 Y - a potion of brilliance
Miscellaneous
 b - a phial of floods (inert)
 D - a sack of spiders (inert)
 Z - a tin of tremorstones (inert)


   Skills:
 + Level 16.0 Fighting
 + Level 10.3 Short Blades
 - Level 1.9 Throwing
 + Level 5.2 Armour
 + Level 14.6 Dodging
 + Level 13.9 Stealth
 - Level 5.0 Shields
 - Level 10.0 Invocations


You had 9 spell levels left.
You knew the following spells:

 Your Spells              Type           Power      Damage    Failure   Level
a - Blink                 Tloc           0%         N/A       63%         2
b - Apportation           Tloc           0%         N/A       50%         1
c - Passwall              Erth           0%         N/A       86%         3

Your spell library contained the following spells:

 Spells                   Type           Power      Damage    Failure   Level
 Magic Dart               Conj           0%         1d3       50%         1
 Sandblast                Erth           0%         2d4       50%         1
 Shock                    Conj/Air       0%         1d3       50%         1
 Call Imp                 Summ           0%         N/A       63%         2
 Jinxbite                 Hex            0%         N/A       63%         2
 Lesser Beckoning         Tloc           0%         N/A       63%         2
 Static Discharge         Conj/Air       0%         3-3/arc   63%         2
 Dazzling Flash           Conj/Hex       0%         N/A       86%         3
 Fugue of the Fallen      Necr           0%         N/A       86%         3
 Gell's Gravitas          Tloc           0%         N/A       86%         3
 Inner Flame              Hex/Fire       0%         N/A       86%         3
 Ozocubu's Armour         Ice            0%         N/A       86%         3
 Stone Arrow              Conj/Erth      0%         3d7       86%         3
 Swiftness                Air            0%         N/A       86%         3
 Teleport Other           Tloc           0%         N/A       86%         3
 Volatile Blastmotes      Fire/Tloc      0%         2d10      86%         3
 Airstrike                Air            0%         2d(0-16)  99%         4
 Brom's Barrelling Bould  Conj/Erth      0%         2d3       99%         4
 Flame Wave               Conj/Fire      0%         2d4       99%         4
 Manifold Assault         Tloc           0%         N/A       99%         4
 Sticky Flame             Fire/Alch      0%         2d4       99%         4
 Summon Lightning Spire   Summ/Air       0%         N/A       99%         4
 Alistair's Intoxication  Alch           0%         N/A       100%        5
 Borgnjor's Vile Clutch   Necr/Erth      0%         N/A       100%        5
 Silence                  Hex/Air        0%         N/A       100%        5
 Dispersal                Tloc           0%         N/A       100%        6
 Eringya's Noxious Bog    Alch           0%         4d6       100%        6
 Starburst                Conj/Fire      0%         6d3       100%        6
 Lehudib's Crystal Spear  Conj/Erth      0%         10d2      100%        8
 Maxwell's Capacitive Co  Air            0%         ∞         100%        8


Dungeon Overview and Level Annotations

Branches:
Dungeon (15/15)            Temple (1/1) D:4            Lair (5/5) D:10
  Swamp (0/4) Lair:3        Snake (0/4) Lair:3        Slime (0/5) Lair:5
    Orc (2/2) D:12            Elf (3/3) Orc:2        Vaults (0/5) D:13
 Depths: D:15

Altars:
Ashenzari
Cheibriados
Dithmenos
Fedhas
Gozag
Hepliaklqana
Kikubaaqudgha
Makhleb
Nemelex Xobeh
Okawaru
Qazlal
Ru
Sif Muna
Trog
Uskayaw
Vehumet
Wu Jian
Xom
Yredelemnul

Shops:
D:3 *   D:10 *   Orc:2 !(!=*

Portals:
Abyss: D:8

Annotations:
D:4 exclusion: downstairs
D:5 exclusion: downstairs
D:6 1 runed translucent door, lasso's ghost, novice DsNe
D:8 2 transporters, exclusion: downstairs, lessens's ghost, novice VSAr
D:10 exclusion: 2 downstairs
D:11 exclusion: downstairs, Jorgrun
D:12 exclusion: downstairs
D:15 3 runed translucent doors, Agnes; Guwoercho's ghost, adept KoGl
Lair:4 exclusion: downstairs
Orc:2 3 runed translucent doors, ripuliukko's ghost, journeyman GrEE


Innate Abilities, Weirdness & Mutations

You have a pair of large antennae on your head. (SInv)
You are mostly covered in slimy green scales. (AC +3)
You regenerate health from kills.
You are very robust. (+20% HP)
When hurt, damage is shared between your health and your magic reserves.
You regenerate magic rapidly.
You occasionally shout uncontrollably at your foes.
You occasionally lose the ability to drink potions when taking damage.
You occasionally lose the ability to read scrolls when taking damage.


Message History

2 spatial vortices come into view.
Unknown command.
Aiming: Shadow Step
Press: ? - help, Dir - move target, f - wretched star, p - shadow
Aim: a wretched star (umbra)
You step into the wretched star's shadow.
You yell at the thrashing horror!
A large abomination, a smoke demon and 2 thrashing horrors come into view.
Your resistance to elements expires.
You hear a bark!
You hear a hideous shriek!
A thrashing horror comes into view.
You yell at the thrashing horror!
A bunyip comes into view.
You block the large abomination's attack.
An orange demon comes into view.
The smoke demon gestures at you. Something smites you!
* * * LOW HITPOINT WARNING * * *
A lorocyproca comes into view.
A hellion comes into view.
The thrashing horror tramples you but does no damage.
You block the thrashing horror's attack.
Found two gateways leading out of the Abyss.
Unknown command.
Unknown command.
Okay, then.
You feel better.
The thrashing horror closely misses you.
The thrashing horror barely misses you.
A small abomination comes into view.
You block the large abomination's attack.
A large abomination comes into view.
The thrashing horror completely misses you.
You block the thrashing horror's attack.
The thrashing horror misses you.
The thrashing horror completely misses you.
A thrashing horror comes into view.
The bunyip claws you!!
* * * LOW HITPOINT WARNING * * *
The bunyip claws you!!
You die...

##.#.# #{{{ #{ .. {
#.X#X#.#;###.{ #.. {
x,{{{.###*.# { # ..,
{#v2vv{{#.#u## . .#
XX v##.#{{w.{{{{ {{
..#.##.##.#{xX#3# {
.∩##.#3*..WX#{3{..#
#{
#...2X#X#.######{3#,
{{ { #.X@*# { ### #
#.X.x#, { { # {
#.#.... .. {
.Xx#.3#... ### {
..#,2#4##§.# #.. #
.# .#∩X {{ #. .. # .
. ##


You could see a bunyip, a lorocyproca (invisible), a spatial maelstrom, 2
wretched stars, a spatial vortex (wandering), an orange demon, 6 thrashing
horrors, 3 large abominations, 2 smoke demons, a hellion, 2 small abominations
and a shadow (invisible).

Vanquished Creatures
  Rupert (D:12)
  A deep elf master archer (Elf:3)
  3 tentacled starspawn
  Gastronok (Lair:3)
  A cacodemon (Abyss:6)
  2 deep elf sorcerers (Elf:3)
  2 deep elf elementalists (Elf:3)
  2 deep elf demonologists (Elf:3)
  3 deep elf annihilators
  Erolcha (D:10)
  A vault guard (D:13)
  13 hydras
  An alligator (Lair:3)
  4 centaur warriors
  5 boulder beetles
  4 two-headed ogres
  4 dancing weapons
  2 catoblepae
  4 orc high priests (Orc:2)
  2 hell hogs (Lair:5)
  4 death yaks (Lair:5)
  A thrashing horror (Abyss:2)
  Nergalle (D:12)
  2 skysharks
  11 deep elf knights
  A wretched star (Abyss:6)
  A fire crab (Lair:4)
  A goliath frog (Lair:3)
  A glowing orange brain (Abyss:6)
  A large abomination (Abyss:6)
  A mana viper (shapeshifter) (Elf:1)
  5 deep elf archers
  Pikel (D:8)
  A shadow demon (Abyss:6)
  5 orc knights
  A lindwurm (Lair:5)
  14 deep elf pyromancers
  18 deep elf zephyrmancers
  5 orc sorcerers (Orc:2)
  Maurice (D:9)
  3 cyclopes
  5 kobold blastminers
  3 molten gargoyles (Lair:5)
  6 black mambas
  An orange demon (Orc:2)
  12 cane toads
  Jeremiah (D:6)
  A rime drake (Lair:5)
  13 komodo dragons
  An efreet (D:13)
  8 trolls
  5 polar bears
  Grinder (D:5)
  19 blink frogs
  A tyrant leech (Lair:3)
  A hornet (D:11)
  Prince Ribbit (Lair:4)
  5 dream sheep (Lair:5)
  5 air elementals
  4 raiju
  16 slime creatures
  4 water elementals
  Sigmund (D:5)
  2 shadows (D:12)
  A ynoxinul (Abyss:6)
  4 wyverns
  A fire bat (Orc:2)
  A vampire (D:10)
  2 fire elementals (Lair:4)
  7 basilisks
  2 wargs (Orc:2)
  77 yaks
  4 steam dragons
  3 vampire mosquitoes (D:11)
  Edmund (D:5)
  5 acid dragons
  6 swamp worms (Lair:3)
  10 water moccasins
  5 hell hounds
  2 swamp drakes (Lair:3)
  16 orc warriors
  A sky beast (D:6)
  4 black bears
  A starcursed mass (Abyss:6)
  7 centaurs
  23 wolves
  4 ogres
  5 phantoms
  2 kobold brigands (D:8)
  17 bullfrogs
  2 gnoll sergeants
  A scorpion (D:6)
  3 wights (D:8)
  2 troll zombies (D:12)
  2 electric eels
  4 lava snakes (Lair:5)
  4 jellies
  A bombardier beetle (D:3)
  6 hounds
  18 orc priests
  A sleepcap (D:7)
  32 orc wizards
  4 ogre zombies (D:12)
  12 gnolls
  9 adders
  A shadow imp (D:6)
  4 white imps
  4 ufetubi
  2 dart slugs
  2 ribbon worms (D:2)
  73 orcs
  2 bats (D:1)
  8 endoplasms
  3 giant cockroaches
  3 goblins
  10 hobgoblins
  A jackal (D:4)
  2 quokkas (D:1)
  8 ball pythons
  3 frilled lizards
  4 gnoll skeletons (D:12)
  3 gnoll zombies (D:12)
  18 kobolds
  4 orc skeletons (D:12)
  8 orc zombies (D:12)
  3 rats
  A starspawn tentacle (Abyss:6)
731 creatures vanquished.

Vanquished Creatures (others)
  Sonja (D:10)
  A deep elf knight (Elf:1)
  A deep elf pyromancer (Elf:1)
  A steam dragon (D:10)
  3 orc wizards
  22 starspawn tentacles
29 creatures vanquished.

Grand Total: 760 creatures vanquished

Notes
Turn   | Place    | Note
-------+----------+-------------------------------------------
     0 | D:1      | 112233 the Demonspawn Brigand began the quest for the Orb.
     0 | D:1      | Reached XP level 1. HP: 16/16 MP: 1/1
   143 | D:1      | Reached skill level 1 in Dodging
   194 | D:1      | Gained mutation: You are partially covered in slimy green
                  | scales. (AC +2) [demonic ancestry]
   194 | D:1      | Reached XP level 2. HP: 14/22 MP: 2/2
   636 | D:1      | Gained mutation: You regenerate magic rapidly. [demonic
                  | ancestry]
   636 | D:1      | Reached XP level 3. HP: 28/28 MP: 3/3
  1368 | D:2      | Identified the ring "Wimaff" {Fly rF- Int+8}
  1703 | D:4      | Identified the +4 robe of Inquiry {rPois rN+ MP+9 Dex-4}
  1804 | D:4      | Reached XP level 4. HP: 28/34 MP: 4/4
  2208 | D:5      | Entered Level 5 of the Dungeon
  2208 | D:5      | Noticed a phantom
  2261 | D:5      | Reached skill level 3 in Fighting
  2360 | D:4      | Reached XP level 5. HP: 9/41 MP: 5/5
  2607 | D:4      | Found a staircase to the Ecumenical Temple.
  3029 | D:3      | Found Cebuc's General Store.
  3033 | D:3      | Bought a scroll of identify for 28 gold pieces
  3243 | D:3      | Gained mutation: You have a pair of small antennae on your
                  | head. [demonic ancestry]
  3243 | D:3      | Reached XP level 6. HP: 36/47 MP: 6/6
  4040 | D:4      | Identified the +1 battleaxe "Vocairch" {spect, rC+ Int+3}
  4047 | Temple   | Entered the Ecumenical Temple
  4962 | D:5      | Noticed Grinder
  4962 | D:5      | Paralysed by Grinder for 3 turns
  5120 | D:6      | Reached skill level 4 in Fighting
  5133 | D:5      | Gained mutation: You are mostly covered in slimy green
                  | scales. (AC +3) [demonic ancestry]
  5133 | D:5      | Reached XP level 7. HP: 54/54 MP: 7/7
  5255 | D:5      | Noticed Sigmund
  5275 | D:5      | Killed Sigmund
  5276 | D:5      | Reached skill level 5 in Short Blades
  5442 | D:6      | Noticed Jeremiah
  5493 | D:5      | Paralysed by Grinder for 2 turns
  5525 | D:5      | Killed Grinder
  5526 | D:5      | Gained mutation: You regenerate a little health from kills.
                  | [demonic ancestry]
  5526 | D:5      | Reached XP level 8. HP: 32/61 MP: 8/8
  5768 | D:5      | Reached skill level 5 in Fighting
  5871 | D:5      | Noticed Edmund
  6122 | D:5      | Killed Edmund
  6879 | D:6      | Reached skill level 5 in Dodging
  7004 | D:6      | Found a runed translucent door.
  7006 | D:6      | Noticed lasso's ghost (novice DsNe)
  7036 | D:7      | Reached skill level 6 in Fighting
  7173 | D:7      | Reached XP level 9. HP: 69/69 MP: 9/9
  7283 | D:7      | Identified the +1 dagger of Causality {flame, Dex+2}
  7420 | D:7      | Found a hazy altar of Hepliaklqana.
  7607 | D:7      | Learned a level 2 spell: Blink
  7609 | D:7      | Learned a level 1 spell: Apportation
  7827 | D:7      | Found a broken altar of Ashenzari.
  7875 | D:7      | Found a shimmering blue altar of Sif Muna.
  8295 | D:7      | Found a shimmering altar of Xom.
  8754 | D:8      | Found a blossoming altar of Fedhas.
  8870 | D:8      | Reached skill level 7 in Fighting
  9046 | D:8      | Noticed Pikel
  9061 | D:8      | Killed Pikel
  9315 | D:8      | Gained mutation: You have a pair of antennae on your head.
                  | [demonic ancestry]
  9315 | D:8      | Reached XP level 10. HP: 48/79 MP: 10/10
  9894 | D:9      | Reached skill level 8 in Fighting
  9947 | D:9      | Identified the +1 chain mail of Usoizos {Will+ Stlth+}
 10310 | D:6      | Killed Jeremiah
 10363 | D:6      | Reached skill level 5 in Stealth
 11789 | D:8      | Found a transporter.
 11794 | D:8      | Found a transporter.
 11822 | D:8      | Noticed a toenail golem
 11848 | D:8      | Noticed lessens's ghost (novice VSAr)
 11946 | D:8      | Found a stormy altar of Qazlal.
 11966 | D:8      | Found a sacrificial altar of Ru.
 12063 | D:8      | Found a one-way gate to the infinite horrors of the Abyss.
 12063 | D:8      | Noticed a large abomination
 12166 | D:8      | Reached skill level 10 in Short Blades
 12475 | D:9      | Reached skill level 9 in Fighting
 12477 | D:9      | Noticed a two-headed ogre
 12492 | D:9      | Killed a two-headed ogre
 12493 | D:9      | Gained mutation: You have a pair of large antennae on your
                  | head. (SInv) [demonic ancestry]
 12493 | D:9      | Reached XP level 11. HP: 44/89 MP: 11/11
 12643 | D:9      | Noticed Maurice
 12649 | D:9      | Killed Maurice
 12650 | D:9      | Reached skill level 1 in Shields
 13133 | D:10     | Entered Level 10 of the Dungeon
 13136 | D:10     | Found Cykohevu's Overcharged Wands.
 13454 | Temple   | Became a worshipper of Dithmenos the Shadowed
 13711 | D:10     | Noticed Sonja
 13724 | D:10     | Killed Sonja
 13734 | D:10     | Noticed Erolcha
 14249 | D:10     | Found a staircase to the Lair.
 14930 | D:10     | Killed Erolcha
 14967 | D:11     | Identified the +0 leather armour of Vermicelli {Regen+
                  | Slay+2}
 15115 | D:11     | Noticed a boulder beetle
 15139 | D:11     | Killed a boulder beetle
 15140 | D:11     | Reached skill level 10 in Fighting
 15140 | D:11     | Reached skill level 1 in Armour
 15410 | D:11     | Reached * piety under Dithmenos
 15976 | D:12     | Noticed Jorgrun
 15976 | D:12     | Noticed a deep elf pyromancer
 16025 | Lair:1   | Entered Level 1 of the Lair of Beasts
 16034 | Lair:1   | Noticed a boulder beetle
 16062 | Lair:1   | Killed a boulder beetle
 16063 | Lair:1   | Reached XP level 12. HP: 97/97 MP: 12/12
 16136 | Lair:1   | Found a blossoming altar of Fedhas.
 16220 | Lair:1   | Reached ** piety under Dithmenos
 16652 | Lair:1   | Reached skill level 5 in Shields
 16700 | Lair:1   | Reached skill level 1 in Invocations
 17560 | Lair:2   | Identified the +1 ring mail of the Untouchables {Dex+3}
 17931 | Lair:1   | Reached *** piety under Dithmenos
 17950 | Lair:1   | Reached skill level 11 in Fighting
 17962 | Lair:2   | Learned a level 3 spell: Passwall
 17983 | Lair:2   | Reached skill level 10 in Dodging
 18670 | Lair:3   | Found a staircase to the Snake Pit.
 18687 | Lair:3   | Reached skill level 5 in Invocations
 18757 | Lair:3   | Noticed a five-headed hydra
 18759 | Lair:3   | Noticed a four-headed hydra
 18760 | Lair:3   | Found a staircase to the Swamp.
 18816 | Lair:3   | Gained mutation: You regenerate health from kills. [demonic
                  | ancestry]
 18816 | Lair:3   | Reached XP level 13. HP: 106/106 MP: 16/16
 18934 | Lair:3   | Reached **** piety under Dithmenos
 18935 | Lair:3   | Noticed Prince Ribbit
 19061 | Lair:5   | Entered Level 5 of the Lair of Beasts
 19818 | Lair:5   | Found a staircase to the Slime Pits.
 20094 | Lair:5   | Found a shimmering blue altar of Sif Muna.
 20125 | Lair:5   | Gained mutation: You occasionally lose the ability to read
                  | scrolls when taking damage. [potion of mutation]
 20133 | Lair:5   | Reached skill level 10 in Stealth
 20140 | Lair:5   | Reached skill level 12 in Fighting
 20188 | Lair:4   | Reached ***** piety under Dithmenos
 20264 | Lair:4   | Got Sif Muna's Vademecum on the Plutonic Birds
 20646 | Lair:4   | Killed Prince Ribbit
 20889 | D:12     | Noticed Nergalle
 20912 | D:12     | Killed Nergalle
 21553 | D:12     | Noticed Rupert
 21742 | D:12     | Found a staircase to the Orcish Mines.
 21823 | D:12     | Found an iron altar of Okawaru.
 21998 | D:13     | Gained mutation: When hurt, damage is shared between your
                  | health and your magic reserves. [demonic ancestry]
 21998 | D:13     | Reached XP level 14. HP: 116/116 MP: 20/20
 22300 | D:15     | Entered Level 15 of the Dungeon
 22412 | D:15     | Found a runed translucent gate.
 22412 | D:15     | Found a runed translucent gate.
 22412 | D:15     | Found a runed translucent gate.
 22414 | D:15     | Noticed Guwoercho's ghost (adept KoGl)
 22434 | D:15     | Noticed Agnes
 22806 | D:13     | Reached skill level 13 in Fighting
 22829 | D:13     | Found a gate to the Vaults.
 23044 | D:13     | Identified the +1 broad axe "Yryixu Qauck" {antimagic,
                  | rElec Str+3}
 23736 | Orc:1    | Entered Level 1 of the Orcish Mines
 23813 | Orc:1    | Reached ****** piety under Dithmenos
 23855 | Orc:2    | Entered Level 2 of the Orcish Mines
 24248 | Orc:2    | Found a staircase to the Elven Halls.
 24527 | Orc:2    | Found a runed translucent gate.
 24551 | Orc:2    | Found a runed translucent gate.
 24551 | Orc:2    | Found a runed translucent gate.
 24554 | Orc:2    | Found an opulent altar of Gozag.
 24558 | Orc:2    | Found Seitoitz's Assorted Antiques.
 24558 | Orc:2    | Noticed ripuliukko's ghost (journeyman GrEE)
 24755 | Orc:2    | Found Poud Soi's Distillery.
 24911 | Orc:2    | Paralysed by an orc sorcerer for 4 turns
 25262 | Orc:2    | Found Goudi's Weapon Boutique.
 25312 | Orc:2    | Found Cupridgh's Distillery.
 25324 | Orc:2    | Found Joback's Jewellery Shoppe.
 25518 | Orc:2    | Found a shimmering altar of Xom.
 26115 | D:12     | Killed Rupert
 26116 | D:12     | Reached skill level 14 in Fighting
 27459 | Lair:4   | Gained mutation: You are robust. (+10% HP) [demonic
                  | ancestry]
 27459 | Lair:4   | Reached XP level 15. HP: 96/138 MP: 12/21
 28063 | Lair:5   | Found a large runed translucent door.
 28116 | Lair:5   | Found a large runed translucent door.
 29074 | Lair:3   | Noticed Gastronok
 29111 | Lair:3   | Killed Gastronok
 30382 | Orc:2    | Bought a potion of heal wounds for 70 gold pieces
 30382 | Orc:2    | Bought 2 potions of heal wounds for 140 gold pieces
 30382 | Orc:2    | Bought a potion of heal wounds for 70 gold pieces
 30382 | Orc:2    | Bought a potion of curing for 42 gold pieces
 30382 | Orc:2    | Bought a potion of curing for 42 gold pieces
 30385 | Orc:2    | Bought a potion of heal wounds for 55 gold pieces
 30385 | Orc:2    | Bought a potion of haste for 110 gold pieces
 30385 | Orc:2    | Bought a potion of heal wounds for 55 gold pieces
 30385 | Orc:2    | Bought a potion of curing for 33 gold pieces
 30385 | Orc:2    | Bought 2 potions of cancellation for 176 gold pieces
 30385 | Orc:2    | Bought a potion of curing for 33 gold pieces
 30385 | Orc:2    | Bought a potion of might for 44 gold pieces
 30385 | Orc:2    | Bought a potion of curing for 33 gold pieces
 30499 | Elf:1    | Entered Level 1 of the Elven Halls
 30557 | Elf:1    | Paralysed by an air elemental for 1 turns
 30573 | Orc:2    | Paralysed by an air elemental for 1 turns
 30579 | Orc:2    | Reached skill level 15 in Fighting
 31174 | Elf:1    | Paralysed by an air elemental for 1 turns
 31179 | Elf:1    | Paralysed by an air elemental for 1 turns
 32070 | Elf:2    | Reached skill level 10 in Invocations
 32073 | Elf:3    | Entered Level 3 of the Elven Halls
 32161 | Elf:3    | Paralysed by an air elemental for 1 turns
 32169 | Elf:3    | Paralysed by an air elemental for 1 turns
 32173 | Elf:3    | Paralysed by an air elemental for 1 turns
 32176 | Elf:3    | Paralysed by an air elemental for 1 turns
 32349 | Elf:3    | Gained mutation: You are very robust. (+20% HP) [demonic
                  | ancestry]
 32349 | Elf:3    | Reached XP level 16. HP: 143/164 MP: 23/23
 32467 | Elf:3    | Noticed a deep elf master archer
 32498 | Elf:3    | Killed a deep elf master archer
 32521 | Elf:3    | Noticed an Ice Fiend
 32567 | Elf:3    | Identified the staff of Biam Duna {rPois Will+ Earth
                  | Alchemy}
 32568 | Elf:3    | Noticed a deep elf blademaster
 32621 | Abyss:2  | Cast into level 2 of the Abyss (a deep elf sorcerer)
 32697 | Abyss:4  | Noticed a tentacled starspawn
 32698 | Abyss:4  | Got an abyssal rune of Zot
 32735 | Abyss:4  | Noticed a tentacled starspawn
 32773 | Abyss:4  | Killed a tentacled starspawn
 32793 | Abyss:4  | Noticed a tentacled starspawn
 32832 | Abyss:5  | Found a corrupted altar of Lugonu.
 32938 | Abyss:5  | Noticed a tentacled starspawn
 32971 | Abyss:5  | Found a shimmering altar of Xom.
 32971 | Abyss:5  | Found a shimmering altar of Xom.
 32971 | Abyss:5  | Found a shimmering altar of Xom.
 32971 | Abyss:5  | Found a shimmering altar of Xom.
 32971 | Abyss:5  | Found a corrupted altar of Lugonu.
 32971 | Abyss:5  | Found a shimmering altar of Xom.
 32971 | Abyss:5  | Found a shimmering altar of Xom.
 32971 | Abyss:5  | Found a shimmering altar of Xom.
 32971 | Abyss:5  | Found a shimmering altar of Xom.
 32971 | Abyss:5  | Found a shimmering altar of Xom.
 32971 | Abyss:5  | Found a shimmering altar of Xom.
 32971 | Abyss:5  | Found a shimmering altar of Xom.
 32971 | Abyss:5  | Found a shimmering altar of Xom.
 32971 | Abyss:5  | Found a shimmering altar of Xom.
 32974 | Abyss:5  | Found a corrupted altar of Lugonu.
 32987 | Abyss:5  | Found a shimmering altar of Xom.
 33005 | Abyss:6  | Found a corrupted altar of Lugonu.
 33011 | Abyss:6  | Noticed a tentacled starspawn
 33033 | Abyss:6  | Noticed a profane servitor
 33043 | Abyss:6  | Noticed a walking crystal tome
 33058 | Elf:3    | Escaped the Abyss
 33072 | Elf:3    | Noticed an Executioner
 33084 | Elf:3    | Gained mutation: You occasionally shout uncontrollably at
                  | your foes. [a cacodemon]
 33096 | Elf:3    | Noticed an Executioner
 33146 | Elf:2    | Paralysed by an air elemental for 1 turns
 33494 | Elf:3    | Identified the +0 leather armour of Ignis's Pride {Rampage
                  | Will+ Slay+3}
 33727 | Abyss:6  | Cast into level 6 of the Abyss (a deep elf sorcerer)
 33729 | Abyss:6  | Noticed a walking frostbound tome
 33746 | Abyss:6  | Noticed an ancient lich
 33789 | Abyss:6  | Found a corrupted altar of Lugonu.
 33789 | Abyss:6  | Noticed a bone dragon
 33829 | Abyss:6  | Noticed a tentacled starspawn
 33836 | Abyss:6  | Killed a tentacled starspawn
 33837 | Abyss:6  | Reached skill level 16 in Fighting
 33837 | Abyss:6  | Reached skill level 5 in Armour
 33866 | Abyss:6  | Noticed a tentacled starspawn
 33873 | Abyss:6  | Killed a tentacled starspawn
 33894 | Abyss:6  | Noticed a walking crystal tome
 33919 | Abyss:6  | Gained mutation: You occasionally lose the ability to drink
                  | potions when taking damage. [a cacodemon]
 33924 | Abyss:6  | Noticed a tentacled monstrosity
 33944 | Abyss:6  | Noticed a tentacled starspawn
 33944 | Abyss:6  | Noticed a tentacled starspawn
 33944 | Abyss:6  | Noticed a bone dragon
 33945 | Abyss:6  | Noticed an Executioner
 33948 | Abyss:6  | HP: 1/156 [bunyip (15)]
 33948 | Abyss:6  | Annihilated by a bunyip

Illustrated notes

Levels and vault maps discovered:
D:1:      dpeg_arrival_another_circle, layout_loops_ring
D:2:      layout_basic
D:3:      layout_basic, serial_shops, nicolae_shop_pleasant_corner_grove
D:4:      minmay_spotlight, layout_rooms, minmay_temple_entry_statues_fountains
D:5:      layout_basic, st_stairs_9, small_statue_intersection, uniq_sigmund,
          uniq_grinder, uniq_edmund
D:6:      kb_forest_paths, layout_rooms, hellmonk_ghost_happy_afterlife,
          serial_co_window_serial, co_window_corner_a,
          co_window_of_opportunity_a, co_window_corner_a, co_window_paths_b,
          co_window_corner_a, co_window_paths_b, co_window_paths_a,
          co_window_corner_b, co_window_2corner, co_window_paths_e,
          glass_columns_a, glass_columns_b, glass_columns_a, glass_columns_b,
          glass_columns_c, kennysheep_generic_room_13, uniq_jeremiah
D:7:      kennysheep_six_static_rooms, layout_layer_cave, kennysheep_mini,
          marbit_many_paths, kennysheep_little_box,
          hellmonk_sif_muna_bookshelves
D:8:      layout_basic, mainiacjoe_overflow_surrounded_room,
          general_overflow_altar, mainiacjoe_overflow_six_doors_small,
          grunt_qazlal_clouds, gammafunk_ghost_abyssal_escape, nrook_campfire,
          uniq_pikel
D:9:      layout_rooms, uniq_maurice
D:10:     layout_rooms, erik_lair_orcish_takeover,
          nicolae_shop_overcharged_wands, uniq_sonja, uniq_erolcha
D:11:     layout_loops_corners
D:12:     layout_long_grid, zombieorc1_lemuel, nicolae_wwwww,
          okawaru_metal_pillars_1_2, uniq_rupert, uniq_jorgrun, uniq_nergalle
D:13:     layout_long_grid, erik_vaults_1
D:14:     layout_loops_ring, serial_bayou_shore_a
D:15:     hangedman_depths_entry_try_elsewhere_first, layout_cave_pools,
          ebering_ghost_rock_garden, uniq_agnes
Temple:   nicolae_temple_superstar
Lair:1:   layout_chaotic_city, basic_altar
Lair:2:   layout_cave_pods, lemuel_old_faithful, grunt_megastairs_4
Lair:3:   onia_ninara_swampy_vault, layout_layer_cave, palyth_hydra_swamp_entry,
          dummy_snake_entry, uniq_gastronok, uniq_prince_ribbit2
Lair:4:   layout_gridlike
Lair:5:   cheibrodos_lair_end_hotspot, layout_misc_corridors,
          minmay_slime_entry_pillars, lemuel_centaur_altar
Orc:1:    layout_diamond_mine
Orc:2:    st_orc_elflike, layout_diamond_mine, ebering_ghost_gozag,
          regret_index_minedec_devilstone, regret_index_xom_of_box
Elf:1:    minmay_elf_arrival_plus, layout_geoelf_octagon, basic_altar,
          nicolae_elf_crossing_hall
Elf:2:    nicolae_elf_blades_crystal_corner, layout_geoelf_grid
Elf:3:    minmay_elf_hall_quartered_circle, layout_geoelf_grid,
          hangedman_elf_disciples, uniq_norris
Abyss:6:  base: Vaults:2, abyss_exit_lava, bh_abyss_negative,
          abyss_furniture_001, hangedman_decor_peaks_small,
          evilmike_abyss_exit_chaos, lemuel_flamethrower_3, base: Snake:4,
          due_exit_kobolds, spicy_abyss_pitcher_plant, hangedman_decor_riveting,
          evilmike_abyss_exit_10, evilmike_abyss_exit_10,
          guppyfry_abyss_exit_spiral_guarded

Skill      XL: |  1  2  3  4  5  6  7  8  9 10 11 12 13 14 15 16 |
---------------+-------------------------------------------------+-----
Dodging        | 1 2 3 4 5 6 8 9 10 11 13 14 | 14.6
Short Blades   | 2 3 4 5 7 9 10 | 10.3
Stealth        | 4 6 7 9 10 12 13 | 13.9
Fighting       | 3 4 6 7 9 10 11 12 14 15 16 | 16.0
Shields        | 4 5 |  5.0
Armour         | 2 3 5 |  5.2
Invocations    | 5 8 10 | 10.0
Throwing       | |  1.9

Action                     |  1- 3 |  4- 6 |  7- 9 | 10-12 | 13-15 | 16-18 || total
---------------------------+-------+-------+-------+-------+-------+-------++-------
  Melee: Dagger            |   175 |   275 |   190 |    26 |       |       ||   666
         Punch             |       |     4 |     8 |    10 |       |       ||    22
         Short sword       |       |       |   288 |  1282 |  2375 |   236 ||  4181
         Scimitar          |       |       |       |       |   110 |    88 ||   198
  Throw: Dart              |       |       |     1 |       |       |       ||     1
   Cast: Apportation       |       |       |       |       |       |     1 ||     1
 Invoke: Shadow Form       |       |       |       |       |     2 |     1 ||     3
         Shadow Step       |       |       |       |       |     1 |     4 ||     5
  Evoke: Wand              |       |       |     2 |    16 |     9 |     4 ||    31
         Phial of floods   |       |       |       |     1 |     1 |     1 ||     3
         Tin of tremorston |       |       |       |       |     4 |       ||     4
         Sack of spiders   |       |       |       |       |     1 |     1 ||     2
    Use: Potion            |     2 |     6 |     2 |     7 |     9 |    18 ||    44
         Scroll            |       |     5 |     4 |    10 |    17 |     5 ||    41
   Stab: Sleeping          |    10 |     5 |     8 |    27 |    58 |     2 ||   110
         Invisible         |       |     2 |       |       |    14 |     1 ||    17
         Distracted        |       |       |       |     2 |     7 |     4 ||    13
         Petrified         |       |       |       |       |     5 |       ||     5
 Armour: Robe              |    73 |   160 |   156 |   201 |       |       ||   590
         Skin              |       |    50 |       |       |       |       ||    50
         Leather armour    |       |       |       |   139 |   928 |   229 ||  1296
  Dodge: Dodged            |    77 |   141 |   188 |   552 |  1804 |   327 ||  3089
  Block: Other             |       |       |    71 |    73 |       |       ||   144
         Reflection        |       |       |     4 |     1 |       |       ||     5
         Buckler           |       |       |       |   109 |   674 |   137 ||   920
